 Seeded DCSS version 0.29.1-1-gd02db6906a (webtiles) character file.

Game seed: 3121381558354691732 (custom seed)

1646 SigmundSlayer the Trooper (level 8, -4/76 HPs)
             Began as a Naga Fighter on Sept 16, 2022.
             Slain by Pikel
             ... wielding a +0 whip of electrocution
              (6 damage)
             ... on level 7 of the Dungeon.
             The game lasted 00:05:25 (7138 turns).

SigmundSlayer the Trooper (Naga Fighter)            Turns: 7138, Time: 00:05:25

Health: -4/76      AC:  9    Str: 26    XL:     8   Next: 99%
Magic:  8/8        EV:  5    Int:  9    God:
Gold:   424        SH: 20    Dex: 11    Spells: 7/7 levels left

rFire   . . .      SeeInvis +   a - +2 war axe
rCold   . . .      Faith    .   m - +2 tower shield of Hopuf {Stlth+}
rNeg    + . .      Spirit   .   h - +0 scale mail
rPois   +          Reflect  +   q - +1 helmet
rElec   .          Harm     .   (no cloak)
rCorr   .          Rampage  .   (no gloves)
Will    +....                   (no barding)
Stlth   +.........              c - amulet of reflection
HPRegen 0.22/turn               f - +6 ring of strength
MPRegen 0.11/turn               r - ring of positive energy

@: studying 2 skills, very slow
A: AC +2, large, see invisible, deformed body, poison resistance, slowness 2,
spit poison 1, naga tail 1
a: Spit Poison


You were on level 7 of the Dungeon.
You visited 2 branches of the dungeon, and saw 8 of its levels.

You collected 424 gold pieces.

Inventory:

Hand Weapons
 a - a +2 war axe (weapon)
 b - a +1 flail of venom
Missiles
 g - 4 throwing nets
Armour
 h - a +0 scale mail (worn)
 m - the +2 tower shield of Hopuf (worn) {Stlth+}
   (You acquired it on level 1 of the Dungeon)

   Stlth:     It makes you more stealthy.
 q - a +1 helmet (worn)
Jewellery
 c - an amulet of reflection (around neck)
 f - a +6 ring of strength (left hand)
 r - a ring of positive energy (right hand)
 z - a ring of protection from fire
Wands
 e - a wand of flame (34)
Scrolls
 i - 2 scrolls of blinking {unknown}
 k - 5 scrolls of amnesia {unknown}
 n - 4 scrolls of teleportation {unknown}
 s - 4 scrolls of fear {unknown}
 v - 4 scrolls of noise {unknown}
 y - a scroll of vulnerability {unknown}
 A - 4 scrolls of butterflies {unknown}
 B - a scroll of enchant armour
Potions
 d - a potion of might
 j - 2 potions of magic
 l - a potion of flight
 p - a potion of invisibility
 t - 3 potions of curing {unknown}
 u - a potion of cancellation {unknown}
 w - a potion of brilliance {unknown}
 x - a potion of ambrosia {unknown}


   Skills:
 + Level 6.2 Fighting
 + Level 5.7 Axes
 + Level 5.2 Armour
 + Level 5.7 Shields


You had 7 spell levels left.
You didn't know any spells.
Your spell library contained the following spells:

 Spells                   Type           Power      Damage    Failure   Level
 Sting                    Tmut/Pois      0%         1d3       99%         1
 Ensorcelled Hibernation  Hex/Ice        0%         N/A       100%        2
 Passwall                 Tmut/Erth      0%         N/A       100%        2
 Sublimation of Blood     Necr           0%         N/A       100%        2
 Gell's Gravitas          Tloc           0%         N/A       100%        3
 Inner Flame              Hex/Fire       0%         N/A       100%        3
 Lesser Beckoning         Tloc           0%         N/A       100%        3
 Swiftness                Air            0%         N/A       100%        3
 Teleport Other           Tloc           0%         N/A       100%        3
 Cause Fear               Hex            0%         N/A       100%        4
 Petrify                  Tmut/Erth      0%         N/A       100%        4
 Irradiate                Conj/Tmut      0%         3d11      100%        5
 Discord                  Hex            0%         N/A       100%        8


Dungeon Overview and Level Annotations

Branches:
Dungeon (7/15)             Temple (1/1) D:6

Altars:
Ashenzari
Cheibriados
Dithmenos
Elyvilon
Fedhas
Hepliaklqana
Kikubaaqudgha
Makhleb
Nemelex Xobeh
Okawaru
Qazlal
Sif Muna
Trog
Uskayaw
Vehumet
Wu Jian
Xom
Zin
The Shining One

Shops:
D:3 *

Annotations:
D:7 Pikel


Innate Abilities, Weirdness & Mutations

Your serpentine skin is tough. (AC +2)
You have supernaturally acute eyesight. (SInv)
Armour fits poorly on your strangely shaped body.
Your system is resistant to poisons. (rPois)
You cover ground very slowly.
You can spit poison.
You have a snake-like lower body.


Message History

Pikel is heavily wounded.
You closely miss the lemure. x2; You hit the lemure but do no damage.
You block the lemure's attack.
Pikel hits you with a +0 whip of electrocution.
The lemure barely misses you. You block the lemure's attack.
Unknown command.
You closely miss Pikel.
Pikel is heavily wounded.
You hit the lemure. x2
You kill the lemure!
That felt strangely unrewarding.
You hit the lemure. You block the lemure's attack.
Pikel hits you but does no damage. The lemure hits you.
You block the lemure's attack. You block Pikel's attack. The lemure hits you.
You closely miss Pikel.
Pikel is heavily wounded.
You miss the lemure. You hit the lemure. You block the lemure's attack.
The lemure hits you. You block Pikel's attack.
Unknown command.
You barely miss Pikel.
Pikel is heavily wounded.
You closely miss the lemure. You slash the lemure!
The lemure hits you but does no damage. You block Pikel's attack.
You block the lemure's attack. The lemure hits you.
The lemure barely misses you.
Pikel hits you with a +0 whip of electrocution.
* * * LOW HITPOINT WARNING * * *
You are electrocuted!!
* * * LOW HITPOINT WARNING * * *
You miss Pikel.
Pikel is heavily wounded.
You closely miss the lemure. You barely miss the lemure.
You block the lemure's attack. The lemure hits you but does no damage.
Pikel hits you with a +0 whip of electrocution.
* * * LOW HITPOINT WARNING * * *
You slash Pikel!
Pikel is almost dead.
You slash the lemure! You hit the lemure. You block the lemure's attack.
Pikel hits you with a +0 whip of electrocution.
You die...

..##...)_..#.##............
####...#.#...##..#.#######.
.....#.#..##.......#
######<##.##.##..###
#.##.(......#######
#.#####.##........#
#.................# #
######.......###.......###5..#
#......####### #@5...........$
..#.#### #5K.......##.## #...#
#.....#...# #####
#....###..... ##.#..# .##..#
#.#...... ..# #.......## ...
####.#### ..


You could see Pikel and 2 lemures.

Vanquished Creatures
  A steam dragon (D:6)
  Menkaure (D:5)
  Edmund (D:4)
  2 water moccasins
  A black bear (D:4)
  3 ogres
  2 lemures
  A necrophage (D:5)
  4 wights (D:6)
  3 hounds
  2 orc priests (D:5)
  An orc wizard (D:5)
  3 iguanas
  A gnoll (D:4)
  8 adders
  A shadow imp (D:6)
  3 white imps
  4 worms
  2 dart slugs
  9 orcs
  7 bats
  6 endoplasms
  4 giant cockroaches
  9 goblins
  9 hobgoblins
  16 jackals
  3 ball pythons
  3 frilled lizards
  5 kobolds (D:4)
  5 rats
120 creatures vanquished.

Notes
Turn   | Place    | Note
-------+----------+-------------------------------------------
     0 | D:1      | SigmundSlayer the Naga Fighter began the quest for the Orb.
     0 | D:1      | Reached XP level 1. HP: 21/21 MP: 1/1
   158 | D:1      | Found a faded altar of an unknown god.
   227 | D:1      | Got Plato's Secrets of Vitiation
   337 | D:1      | Reached XP level 2. HP: 28/28 MP: 2/2
   921 | D:1      | Identified 3 scrolls of acquirement
   921 | D:1      | Acquired a manual of Translocations
   923 | D:1      | Acquired the +2 tower shield of Hopuf {Stlth+}
   925 | D:1      | Acquired a manual of Fire Magic
  1161 | D:2      | Reached XP level 3. HP: 31/34 MP: 3/3
  1847 | D:2      | Reached XP level 4. HP: 42/42 MP: 4/4
  1998 | D:2      | Found a bloodstained altar of Trog.
  2540 | D:3      | Found Isonomam's Assorted Antiques.
  2699 | D:3      | Noticed an ogre
  2705 | D:3      | Killed an ogre
  2706 | D:3      | Reached XP level 5. HP: 50/50 MP: 5/5
  2763 | D:3      | Reached skill level 4 in Fighting
  2962 | D:4      | Noticed an ogre
  2965 | D:4      | Killed an ogre
  2966 | D:4      | Reached XP level 6. HP: 57/57 MP: 6/6
  3020 | D:4      | Noticed a black bear
  3023 | D:4      | Killed a black bear
  3304 | D:4      | Noticed Edmund
  3311 | D:4      | Killed Edmund
  3312 | D:4      | Reached XP level 7. HP: 21/66 MP: 7/7
  3831 | D:4      | Found an iron altar of Okawaru.
  4041 | D:5      | Entered Level 5 of the Dungeon
  4222 | D:5      | Reached skill level 5 in Fighting
  4427 | D:5      | Reached XP level 8. HP: 19/74 MP: 8/8
  4752 | D:5      | Noticed Menkaure
  4760 | D:5      | Killed Menkaure
  4761 | D:5      | Reached skill level 5 in Shields
  5132 | D:5      | Reached skill level 5 in Axes
  5424 | D:6      | Identified the +9 spear "Wuzar" {venom, rF+ rC+ Stlth+}
  6008 | D:6      | Reached skill level 5 in Armour
  6018 | D:6      | Reached skill level 6 in Fighting
  6382 | D:6      | Found a staircase to the Ecumenical Temple.
  6536 | Temple   | Entered the Ecumenical Temple
  6790 | D:7      | Found a stormy altar of Qazlal.
  7106 | D:7      | Noticed Pikel
  7136 | D:7      | HP: 3/76 [Pikel/+0 whip of electrocution (19)]
  7138 | D:7      | Slain by Pikel

Illustrated notes

Levels and vault maps discovered:
D:1:      minmay_arrival_glassed_features, layout_loops_ring,
          shapermc_ecumenical_altar_rom_forum, nicolae_kite_square_tiling_tiny
D:2:      layout_basic, basic_altar
D:3:      layout_rooms, serial_shops, nicolae_shop_hallway_stairs
D:4:      layout_basic, okawaru_altar_gauntlet_db, minmay_misc_feat_rows,
          uniq_edmund
D:5:      layout_loops_ring, minmay_crystal_room, uniq_menkaure
D:6:      layout_layer_cave, minmay_temple_entry_glassed_door,
          grunt_ministairs_15, hangedman_decor_riveting, serial_bayou_pond_e
D:7:      layout_loops_cross, lemuel_crystal_altar, grunt_decor_fettered,
          uniq_pikel
Temple:   minmay_temple_bridge_d

Skill      XL: |  1  2  3  4  5  6  7  8 |
---------------+-------------------------+-----
Shields        | 3 4 5 |  5.7
Armour         | 3 4 5 |  5.2
Axes           | 3 4 5 |  5.7
Fighting       | 4 5 6 |  6.2

Action                   |  1- 3 |  4- 6 |  7- 9 || total
-------------------------+-------+-------+-------++-------
Melee: War axe           |   111 |   106 |   183 ||   400
 Abil: Spit Poison       |     2 |     3 |       ||     5
  Use: Scroll            |     4 |     7 |     3 ||    14
       Potion            |       |       |     1 ||     1
Armor: Scale mail        |    61 |    29 |    62 ||   152
Dodge: Dodged            |    34 |     9 |    42 ||    85
Block: Buckler           |    20 |       |       ||    20
       Tower shield      |    75 |    99 |   251 ||   425
       Reflection        |       |     2 |     4 ||     6
